 Dungeon Crawl Stone Soup version 0.29-a0-1009-g60c99734e7 (webtiles) character file.

Game seed: 9894502000151200417

78322 Turgor the Cleaver (level 15, -19/117 HPs)
             Began as a Demonspawn Gladiator on Aug 8, 2022.
             Was the Champion of Cheibriados.
             Killed from afar by a shock serpent (21 damage)
             ... with a bolt of electricity
             ... on level 1 of the Snake Pit.
             The game lasted 03:02:24 (20422 turns).

Turgor the Cleaver (Demonspawn Gladiator)          Turns: 20422, Time: 03:02:25

Health: -19/117    AC: 22    Str: 34    XL:     15   Next: 17%
Magic:  0/24       EV: 13    Int: 34    God:    Cheibriados [******]
Gold:   1471       SH:  8    Dex: 30    Spells: 9/26 levels left

rFire   + . .      SeeInvis .   w - +9 broad axe of a treasure trove {vamp, Contam rPois Str+4}
rCold   x . .      Faith    .   C - +0 buckler
rNeg    . . .      Spirit   +   r - +1 plate armour "Etongel" {Regen+}
rPois   +          Reflect  .   c - +0 helmet
rElec   .          Harm     .   (cloak unavailable)
rCorr   +          Rampage  .   (no gloves)
Will    +....                   n - +0 pair of boots
Stlth   ..........              y - amulet of the acrobat
HPRegen 2.09/turn               B - ring of flight
MPRegen 0.38/turn               P - ring "Ciakaeh" {Fire rCorr Int+3}

@: flying, very slow
A: icy blue scales 2, powered by death 2, augmentation 1, magic shield, magic
regeneration, weakness stinger 3
a: Renounce Religion, Bend Time, Temporal Distortion, Slouch, Step From Time


You were on level 1 of the Snake Pit.
You worshipped Cheibriados.
Cheibriados was exalted by your worship.
You visited 4 branches of the dungeon, and saw 19 of its levels.
You also visited: Sewer.

You collected 2940 gold pieces.
You spent 1469 gold pieces at shops.

Inventory:

Hand Weapons
 w - the +9 broad axe of a treasure trove (weapon) {vamp, Contam rPois Str+4}
   (You acquired it on level 2 of the Lair of Beasts)

   It occasionally heals its wielder for a portion of the damage dealt when it
   wounds a living foe.
   Str:       It affects your strength (+4).
   rPois:     It protects you from poison.
   Contam:    It causes magical contamination when unequipped.
Missiles
 a - 7 silver javelins
 m - 108 stones
 s - 20 boomerangs
 x - 34 poisoned darts (quivered)
Armour
 c - a +0 helmet (worn)
 d - a +0 pair of boots of rampaging
 j - a +3 ring mail of cold resistance
 n - a +0 pair of boots (worn)
 r - the +1 plate armour "Etongel" (worn) {Regen+}
   (You found it on level 2 of the Dungeon)

   Regen:     It increases your rate of health regeneration.
 C - a +0 buckler (worn)
 F - the +1 leather armour of Sodey {SInv}
   (You found it on level 10 of the Dungeon)

   SInv:      It lets you see invisible.
Magical Staves
 g - a staff of death
 p - a staff of earth
Jewellery
 y - an amulet of the acrobat (around neck)
 B - a ring of flight (left hand)
 N - a ring of see invisible
 P - the ring "Ciakaeh" (right hand) {Fire rCorr Int+3}
   (You found it on level 9 of the Dungeon)

   [ring of fire]

   It enhances your fire magic.
   Int:       It affects your intelligence (+3).
   rF:        It protects you from fire.
   rC:        It makes you vulnerable to cold.
   rCorr:     It protects you from acid and corrosion.
 R - an amulet of faith
Wands
 b - a wand of digging (2)
 z - a wand of charming (17)
Scrolls
 f - 6 scrolls of enchant weapon
 l - 12 scrolls of teleportation
 q - 4 scrolls of fear
 t - 2 scrolls of blinking
 v - 2 scrolls of enchant armour
 A - 4 scrolls of amnesia
 D - a scroll of poison
 I - a scroll of identify
 L - 4 scrolls of butterflies
 O - 2 scrolls of silence
Potions
 h - 2 potions of heal wounds
 i - 3 potions of brilliance
 k - 8 potions of curing
 o - a potion of might
 u - 7 potions of mutation
 E - 8 potions of flight
 H - 3 potions of lignification
 J - 2 potions of resistance
 K - a potion of ambrosia
 M - 2 potions of invisibility
 Q - a potion of berserk rage
 S - a potion of cancellation
 T - a potion of attraction
Miscellaneous
 e - a condenser vane (inert)
 G - a box of beasts


   Skills:
 + Level 10.8 Fighting
 * Level 13.9 Axes
 - Level 2.0 Throwing
 + Level 11.3 Armour
 + Level 5.8 Dodging
 - Level 6.0 Shields
 + Level 6.1 Spellcasting
 - Level 6.0 Conjurations
 * Level 1.4 Translocations
 - Level 6.0 Air Magic
 - Level 6.0 Poison Magic
 + Level 8.4 Invocations


You had 9 spell levels left.
You knew the following spells:

 Your Spells              Type           Power      Damage    Failure   Level
a - Mephitic Cloud        Conj/Pois/Air  50%        N/A       7%          3
b - Anguish               Hex/Necr       5%         N/A       95%         4
c - Blink                 Tloc           40%        N/A       22%         2
d - Lesser Beckoning      Tloc           20%        N/A       41%         3
e - Manifold Assault      Tloc           20%        N/A       99%         5

Your spell library contained the following spells:

 Spells                   Type           Power      Damage    Failure   Level
 Magic Dart               Conj           100%       1d8       2%          1
 Swiftness                Air            50%        N/A       7%          3
 Spider Form              Tmut/Pois      30%        N/A       24%         3
 Necrotise                Necr           40%        1d6       28%         1
 Slow                     Hex            40%        N/A       28%         1
 Call Imp                 Summ           10%        N/A       38%         2
 Ensorcelled Hibernation  Hex/Ice        20%        N/A       38%         2
 Passwall                 Tmut/Erth      8%         N/A       38%         2
 Confusing Touch          Hex            10%        N/A       63%         3
 Vampiric Draining        Necr           10%        2d6       63%         3
 Irradiate                Conj/Tmut      15%        3d16      92%         5
 Agony                    Necr           10%        N/A       100%        5
 Blade Hands              Tmut           5%         N/A       100%        5
 Yara's Violent Unravell  Hex/Tmut       5%         3d4       100%        5
 Dragon Form              Tmut           5%         N/A       100%        7
 Enfeeble                 Hex            5%         N/A       100%        7


Dungeon Overview and Level Annotations

Branches:
Dungeon (11/15)            Temple (0/1) D:7            Lair (5/5) D:8
  Swamp (0/4) Lair:3        Snake (1/4) Lair:2        Slime (0/5) Lair:5
    Orc (2/2) D:11            Elf (0/3) Orc:2         Sewer (visited)

Altars:
Cheibriados
Makhleb
Ru
Sif Muna
Wu Jian

Shops:
D:2 =   D:4 !   D:5 (   D:9 (=   Orc:2 (!=[

Portals:
Pandemonium: Orc:2


Innate Abilities, Weirdness & Mutations

You are mostly covered in icy blue scales. (AC +3)
You regenerate health from kills.
Your magical and physical power is slightly enhanced at high health.
When hurt, damage is shared between your health and your magic reserves.
You regenerate magic rapidly.
You have a sharp stinger which inflicts weakening toxins.


Message History

The naga mage hits you but does no damage.
The naga mage closely misses you.
The naga mage hits you but does no damage.
The naga mage closely misses you. You block the naga mage's attack.
The naga mage grabs you. The naga mage constricts you.
Unknown command.
You slice the naga mage like a ripe choko!!!
You kill the naga mage!
Cheibriados thoroughly appreciates the change of pace.
You barely miss the shock serpent.
You feel sick.
You are no longer poisoned.
The shock serpent bites you but does no damage.
Unknown command.
You slice the shock serpent!!
You feel better.
Your tail-slap misses the shock serpent.
The shock serpent is heavily wounded.
The shock serpent's electric aura discharges, shocking you!
The shock serpent shoots out a bolt of lightning at you!
The bolt of electricity hits you!! The bolt of electricity hits you!
The shock serpent bites you! The shock serpent shocks you!
You barely miss the shock serpent. You tail-slap the shock serpent!
The shock serpent looks weaker.
The shock serpent is almost dead.
The shock serpent's electric aura discharges, shocking you!
The shock serpent shoots out a bolt of lightning at you!
The bolt of electricity hits you!!
* * * LOW HITPOINT WARNING * * *
The bolt of electricity misses you.
You completely miss the shock serpent.
The shock serpent is almost dead.
The shock serpent bites you but does no damage.
Unknown command.
You miss the shock serpent.
The shock serpent is almost dead.
The shock serpent shoots out a bolt of lightning at you!
The bolt of electricity misses you. The bolt of electricity hits you!!
* * * LOW HITPOINT WARNING * * *
The shock serpent shoots out a bolt of lightning at you!
The bolt of electricity misses you. The bolt of electricity hits you!!
You die...

####+++##
##.......##
#.........#
..........#
...?......+
..........+
.......)..#
.......<..#
......S@..#
.......).##
.#......##
.........
.........
..........
..........
...........


You could see a shock serpent (weak).

Vanquished Creatures
  Rupert (Lair:4)
  Snorg (Orc:2)
  2 fire dragons (Lair:5)
  Harold (Lair:1)
  7 hydras
  2 demonspawn (Orc:2)
  6 death yaks (Lair:1)
  A centaur warrior (D:11)
  3 two-headed ogres
  Erica (D:8)
  Urug (Orc:1)
  4 orc high priests (Orc:2)
  3 sun demons (Orc:2)
  Nergalle (D:11)
  The ghost of lucasj the Cleaver, a novice MiBe of Trog (D:9)
  A swamp dragon (Lair:5)
  3 bog bodies (Lair:3)
  5 orc knights (Orc:2)
  2 lindwurms (Lair:5)
  8 orc sorcerers
  An ugly thing (D:9)
  3 cyclopes (D:11)
  2 wolf spiders (Lair:5)
  10 elephants (Lair:5)
  2 naga magi (Snake:1)
  7 black mambas
  A rust devil (Orc:2)
  6 torpor snails
  10 cane toads
  Maggie (D:7)
  An unseen horror (D:7)
  12 komodo dragons
  7 rime drakes
  3 polar bears
  Grinder (D:5)
  3 tyrant leeches (Lair:5)
  4 trolls
  8 blink frogs
  4 dream sheep (Lair:4)
  9 hornets
  3 wraiths
  2 basilisks (Lair:5)
  4 wyverns (D:9)
  46 yaks
  3 steam dragons
  A vampire mosquito (D:11)
  3 swamp worms (Lair:3)
  Menkaure (D:5)
  2 acid dragons
  5 nagas
  6 wargs
  14 water moccasins
  36 orc warriors
  A sky beast (D:6)
  5 ice beasts
  6 black bears (D:8)
  9 wolves (Lair:5)
  The ghost of orehx the Magician, an amateur DjIE (D:3)
  7 ogres
  9 centaurs
  A phantom (D:5)
  16 bullfrogs
  4 kobold brigands
  2 necrophages (D:5)
  4 scorpions
  5 wights
  9 killer bees
  4 howler monkeys
  4 electric eels
  5 hounds
  14 jellies
  31 orc priests
  Crazy Yiuf (D:3)
  Ijyb (D:5)
  14 iguanas
  24 orc wizards
  A centaur simulacrum (D:9)
  11 adders
  6 river rats
  2 white imps
  A howler monkey simulacrum (D:9)
  3 ufetubi
  A worm (Sewer)
  3 dart slugs
  108 orcs
  4 endoplasms
  12 giant cockroaches
  2 goblins
  A hobgoblin (D:2)
  19 kobolds
  11 quokkas
  16 ball pythons
  7 bats
  5 frilled lizards
  7 rats
  A bush (Lair:3)
673 creatures vanquished.

Vanquished Creatures (collateral kills)
  3 vampire mosquitoes (D:11)
3 creatures vanquished.

Vanquished Creatures (others)
  An orc priest (D:9)
  51 fungi
  105 plants
157 creatures vanquished.

Grand Total: 833 creatures vanquished

Notes
Turn   | Place    | Note
-------+----------+-------------------------------------------
     0 | D:1      | Turgor the Demonspawn Gladiator began the quest for the
                  | Orb.
     0 | D:1      | Reached XP level 1. HP: 16/16 MP: 1/1
   301 | D:1      | Gained mutation: You regenerate a little health from kills.
                  | [demonic ancestry]
   301 | D:1      | Reached XP level 2. HP: 21/22 MP: 2/2
   390 | D:1      | Found a faded altar of an unknown god.
   784 | D:2      | Reached skill level 3 in Axes
  1164 | D:2      | Reached XP level 3. HP: 28/28 MP: 3/3
  1303 | D:2      | Identified the +1 plate armour "Etongel" {Regen+}
  1355 | D:2      | Found the +6 lightning scales {swift, rElec}
  1471 | D:2      | Found Quhe's Jewellery Boutique.
  1576 | D:3      | Reached skill level 1 in Armour
  1814 | D:3      | Gained mutation: You have a small tail. [demonic ancestry]
  1814 | D:3      | Reached XP level 4. HP: 34/34 MP: 4/4
  1875 | D:3      | Found a transporter.
  1875 | D:3      | Noticed orehx's ghost (amateur DjIE)
  1879 | D:3      | Found a transporter.
  1927 | D:3      | Found a snail-covered altar of Cheibriados.
  1933 | D:3      | Became a worshipper of Cheibriados the Contemplative
  2215 | D:3      | Found a runed translucent door.
  2216 | D:3      | Noticed Crazy Yiuf
  2450 | D:4      | Gained mutation: You are partially covered in icy blue
                  | scales. (AC +2) [demonic ancestry]
  2450 | D:4      | Reached XP level 5. HP: 40/40 MP: 5/5
  2584 | D:4      | Noticed an ogre
  2589 | D:4      | HP: 1/40 [ogre/+0 giant spiked club (17)]
  2932 | D:4      | Killed an ogre
  2933 | D:4      | Reached skill level 4 in Axes
  3147 | D:4      | Found Luobioc's Distillery.
  3150 | D:4      | Bought a potion of might for 44 gold pieces
  3150 | D:4      | Bought a potion of degeneration for 11 gold pieces
  3150 | D:4      | Bought 2 potions of curing for 66 gold pieces
  3317 | D:4      | Reached * piety under Cheibriados
  3469 | D:4      | Found a burning altar of Makhleb.
  3510 | D:5      | Entered Level 5 of the Dungeon
  3518 | D:5      | Gained mutation: You regenerate health from kills. [demonic
                  | ancestry]
  3518 | D:5      | Reached XP level 6. HP: 45/47 MP: 6/6
  3601 | D:5      | Noticed Ijyb
  3810 | D:5      | Reached skill level 5 in Axes
  3810 | D:5      | Gained mutation: You have a tail ending in a sharp stinger.
                  | [demonic ancestry]
  3810 | D:5      | Reached XP level 7. HP: 47/53 MP: 7/7
  3987 | D:5      | Reached ** piety under Cheibriados
  4394 | D:5      | Killed Ijyb
  4395 | D:5      | Reached skill level 5 in Armour
  4395 | D:5      | Gained mutation: You regenerate magic rapidly. [demonic
                  | ancestry]
  4395 | D:5      | Reached XP level 8. HP: 61/61 MP: 8/8
  4402 | D:5      | Reached skill level 6 in Axes
  4425 | D:5      | Found Bosaff's Weapon Shop.
  4451 | D:5      | Noticed Grinder
  4474 | D:5      | Found an ornate altar of the Wu Jian Council.
  4645 | D:5      | Noticed Menkaure
  4661 | D:5      | Killed Menkaure
  4848 | D:5      | Reached *** piety under Cheibriados
  4849 | D:5      | Reached skill level 5 in Fighting
  4859 | D:5      | You fall into a shaft and drop 1 floor!
  4929 | D:6      | Identified the +4 dagger of the Hurting Gods {elec, rC+
                  | Will+ Int-5}
  4966 | D:6      | Reached skill level 7 in Axes
  5109 | D:6      | Found a glowing drain.
  5129 | Sewer    | Entered a sewer
  5266 | Sewer    | Reached **** piety under Cheibriados
  5415 | Sewer    | Reached XP level 9. HP: 69/69 MP: 9/9
  6001 | D:5      | Found a shimmering blue altar of Sif Muna.
  6210 | D:5      | Killed Grinder
  6211 | D:5      | Reached skill level 1 in Invocations
  6350 | D:3      | Killed Crazy Yiuf
  6425 | D:3      | Killed orehx's ghost
  6738 | D:6      | Reached skill level 8 in Axes
  7210 | D:7      | Reached ***** piety under Cheibriados
  7354 | D:7      | Noticed Maggie
  7454 | D:8      | Noticed a komodo dragon
  7471 | D:8      | Killed a komodo dragon
  7491 | D:8      | Found a staircase to the Lair.
  7500 | D:8      | Reached skill level 9 in Axes
  7521 | D:8      | Reached XP level 10. HP: 77/77 MP: 13/13
  7860 | D:8      | Noticed Erica
  7860 | D:8      | Noticed a two-headed ogre
  7879 | D:8      | Killed a two-headed ogre
  7880 | D:8      | Reached skill level 5 in Invocations
  7892 | D:8      | Killed Erica
  8239 | D:7      | Killed Maggie
  8325 | D:7      | Identified a scroll of acquirement
  8364 | D:7      | Found a staircase to the Ecumenical Temple.
  8553 | D:7      | Learned a level 3 spell: Mephitic Cloud
  8677 | D:9      | Found a runed translucent gate.
  8677 | D:9      | Found a runed translucent gate.
  8677 | D:9      | Found a runed translucent gate.
  8745 | D:9      | Noticed lucasj's ghost (novice MiBe)
  8776 | D:9      | Reached skill level 10 in Axes
  8820 | D:9      | Found Bufoxar's Antique Weapon Shop.
  8821 | D:9      | Found Kihops's Jewellery Shoppe.
  8825 | D:9      | Bought a runed war axe for 156 gold pieces
  8870 | D:9      | Bought an amulet of the acrobat for 390 gold pieces
  8888 | D:9      | Noticed a red ugly thing
  8906 | D:9      | Killed a red ugly thing
  8969 | D:9      | Learned a level 4 spell: Anguish
  9031 | D:9      | Noticed a two-headed ogre
  9043 | D:9      | Killed a two-headed ogre
  9044 | D:9      | Reached XP level 11. HP: 77/86 MP: 16/16
  9594 | D:10     | Entered Level 10 of the Dungeon
  9621 | D:10     | Reached ****** piety under Cheibriados
  9623 | D:10     | Identified the +1 leather armour of Sodey {SInv}
 10159 | D:10     | Reached skill level 11 in Axes
 10394 | D:10     | Paralysed by a hornet for 3 turns
 10535 | D:11     | Reached skill level 1 in Conjurations
 10535 | D:11     | Reached skill level 1 in Poison Magic
 10538 | D:11     | Noticed Nergalle
 10539 | D:11     | Reached skill level 1 in Air Magic
 10545 | D:11     | Reached skill level 1 in Spellcasting
 10643 | D:11     | Found a sacrificial altar of Ru.
 10923 | D:11     | Found a staircase to the Orcish Mines.
 11003 | D:11     | Noticed a centaur warrior
 11010 | D:11     | Killed a centaur warrior
 11223 | D:11     | Killed Nergalle
 11738 | Lair:1   | Entered Level 1 of the Lair of Beasts
 11738 | Lair:1   | Noticed Harold
 11745 | Lair:1   | Killed Harold
 11746 | Lair:1   | Gained mutation: You have a sharp stinger which inflicts
                  | weakening toxins. [demonic ancestry]
 11746 | Lair:1   | Reached XP level 12. HP: 94/94 MP: 18/18
 11972 | Lair:1   | Noticed a death yak
 11972 | Lair:1   | Noticed a death yak
 11974 | Lair:1   | Noticed a death yak
 11986 | Lair:1   | Noticed a death yak
 11987 | Lair:1   | Noticed a death yak
 11987 | Lair:1   | Noticed a death yak
 12316 | Lair:1   | Killed a death yak
 12324 | Lair:1   | Killed a death yak
 12331 | Lair:1   | Killed a death yak
 12336 | Lair:1   | Killed a death yak
 12344 | Lair:1   | Killed a death yak
 12350 | Lair:1   | Killed a death yak
 12431 | Lair:1   | Noticed a six-headed hydra
 12442 | Lair:1   | Killed a six-headed hydra
 12443 | Lair:1   | Reached skill level 12 in Axes
 12746 | Lair:2   | Found a staircase to the Snake Pit.
 12804 | Lair:2   | Acquired the +9 broad axe of a treasure trove {vamp, Contam
                  | rPois Str+4}
 12842 | Lair:2   | Reached skill level 10 in Armour
 12978 | Lair:2   | Noticed an eight-headed hydra
 12985 | Lair:2   | Killed a ten-headed hydra
 13038 | Lair:2   | Noticed an eight-headed hydra
 13052 | Lair:2   | Killed a 17-headed hydra
 13112 | Lair:2   | Gained mutation: You are mostly covered in icy blue scales.
                  | (AC +3) [demonic ancestry]
 13112 | Lair:2   | Reached XP level 13. HP: 101/101 MP: 19/19
 13647 | Lair:3   | Learned a level 2 spell: Blink
 13841 | Lair:3   | Found a staircase to the Swamp.
 14515 | Lair:4   | Noticed Rupert
 14722 | Orc:1    | Entered Level 1 of the Orcish Mines
 14722 | Orc:1    | Noticed Urug
 14729 | Orc:1    | Killed Urug
 14751 | Orc:1    | Reached skill level 1 in Shields
 15033 | Orc:2    | Entered Level 2 of the Orcish Mines
 15102 | Orc:2    | Found Tudeb's Weapon Shop.
 15971 | Orc:2    | Reached skill level 5 in Conjurations
 15977 | Orc:2    | Found Hufatof's Distillery.
 16052 | Orc:2    | Found Gugyhuh's General Store.
 16072 | Orc:2    | Reached skill level 10 in Fighting
 16233 | Orc:2    | Reached skill level 5 in Poison Magic
 16395 | Orc:2    | Noticed Snorg
 16409 | Orc:2    | Killed Snorg
 16466 | Orc:2    | Found a staircase to the Elven Halls.
 16864 | Orc:2    | Reached skill level 5 in Air Magic
 16871 | Orc:2    | Reached skill level 13 in Axes
 16871 | Orc:2    | Gained mutation: When hurt, damage is shared between your
                  | health and your magic reserves. [demonic ancestry]
 16871 | Orc:2    | Reached XP level 14. HP: 110/110 MP: 21/21
 16884 | Orc:2    | Paralysed by an orc sorcerer for 3 turns
 16900 | Orc:2    | Paralysed by an orc sorcerer for 4 turns
 16951 | Orc:2    | Found Ygioffucemn's Jewellery Shop.
 16951 | Orc:2    | Found a one-way gate leading to the halls of Pandemonium.
 16951 | Orc:2    | Found Lypheik's Antique Armour Boutique.
 16957 | Orc:2    | Bought a pair of glowing boots for 217 gold pieces
 16987 | Orc:2    | Bought a potion of curing for 45 gold pieces
 16987 | Orc:2    | Bought a potion of curing for 45 gold pieces
 16987 | Orc:2    | Bought a potion of heal wounds for 75 gold pieces
 16987 | Orc:2    | Bought a potion of resistance for 150 gold pieces
 16987 | Orc:2    | Bought a potion of ambrosia for 120 gold pieces
 17135 | D:9      | Reached skill level 5 in Spellcasting
 17146 | D:9      | Killed lucasj's ghost
 17170 | D:9      | Got the ring "Ciakaeh" {Fire rCorr Int+3}
 17426 | D:2      | Bought a ring of see invisible for 150 gold pieces
 18059 | Lair:5   | Entered Level 5 of the Lair of Beasts
 18172 | Lair:5   | Reached skill level 5 in Dodging
 18369 | Lair:5   | Reached skill level 5 in Shields
 18602 | Lair:5   | Found a staircase to the Slime Pits.
 19563 | Lair:5   | Found a runed translucent door.
 19720 | Lair:5   | Gained mutation: Your magical and physical power is
                  | slightly enhanced at high health. [demonic ancestry]
 19720 | Lair:5   | Reached XP level 15. HP: 104/117 MP: 20/23
 19815 | Lair:5   | Learned a level 3 spell: Lesser Beckoning
 19821 | Lair:5   | Learned a level 5 spell: Manifold Assault
 19947 | Lair:4   | Killed Rupert
 19998 | Lair:4   | Reached skill level 1 in Translocations
 20397 | Snake:1  | Entered Level 1 of the Snake Pit
 20422 | Snake:1  | HP: 2/117 [shock serpent/bolt of electricity (17)]
 20422 | Snake:1  | Killed from afar by a shock serpent

Illustrated notes

Levels and vault maps discovered:
D:1:      kennysheep_arrival_forest, layout_rooms, basic_ecumenical_altar,
          serial_park_tiny_2
D:2:      minmay_door_path, layout_basic, serial_shops, shop
D:3:      layout_loops_ring, old_standard_altar, gammafunk_ghost_arena,
          serial_bayou_ford_a, nrook_campfire, uniq_crazy_yiuf_cottage
D:4:      layout_basic, mainiacjoe_overflow_divided_tiny, serial_shops,
          kennysheep_mini
D:5:      minmay_polygon_palace, layout_basic, mainiacjoe_overflow_brackets,
          lemuel_blue_sif_altar, serial_shops, shop, uniq_ijyb, uniq_grinder,
          uniq_menkaure
D:6:      layout_basic, serial_bayou, serial_bayou_pond_d,
          serial_bayou_crossing, serial_bayou_pond_a, serial_bayou_pond_c,
          portal_sewer_entry_e, kennysheep_boxes
D:7:      layout_loops_cross, minmay_temple_entry_statues_pillars, uniq_maggie
D:8:      layout_cave_pods, due_lair_maze_entry_diamond, uniq_erica
D:9:      layout_loops_ring, gammafunk_ghost_icy, nicolae_wooded_promenade,
          minmay_fractal_squares_diagonal_5
D:10:     layout_stronghold
D:11:     layout_loops_corners, hiddenorc2_lemuel, nicolae_ru_awakened_eye,
          uniq_nergalle
Lair:1:   layout_concentric_octagons, serial_bayou_shore_a,
          infiniplex_staircase_pool_2, uniq_harold
Lair:2:   layout_gridlike, guppyfry_snake_entry_garden
Lair:3:   layout_regular_city, nicolae_swamp_entry_splash_gauntlet,
          beast_lair_carwin_10
Lair:4:   layout_cellular_growth, uniq_rupert
Lair:5:   wormcave, layout_layer_cave, guppyfry_lair_end_dragon,
          minmay_slime_entry_jelly_boxes, nicolae_lair_run_with_the_wolves
Snake:1:  nicolae_snake_attic_fulla_snakes, layout_gridlike, uniq_donald
Orc:1:    cheibrodos_orc_guarddog, layout_diamond_mine, uniq_urug
Orc:2:    pf_orc_diabolical, layout_diamond_mine, serial_shops, shop, uniq_snorg

Skill      XL: |  1  2  3  4  5  6  7  8  9 10 11 12 13 14 15 |
---------------+----------------------------------------------+-----
Throwing       | 2 |  2.0
Axes           | 3 4 5 7 9 10 11 12 13 | 13.9
Dodging        | 3 4 5 |  5.8
Armour         | 1 2 3 5 6 7 9 10 11 | 11.3
Fighting       | 3 4 5 6 8 9 10 | 10.8
Invocations    | 4 7 8 |  8.4
Conjurations   | 2 4 5 6 |  6.0
Poison Magic   | 2 4 5 6 |  6.0
Air Magic      | 2 3 5 6 |  6.0
Spellcasting   | 2 3 4 5 6 |  6.1
Shields        | 3 5 6 |  6.0
Translocations | 1 |  1.4

Action                   |  1- 3 |  4- 6 |  7- 9 | 10-12 | 13-15 || total
-------------------------+-------+-------+-------+-------+-------++-------
Melee: War axe           |   100 |   128 |   419 |   493 |       ||  1140
       Punch             |     2 |     2 |     9 |    13 |       ||    26
       Tailslap          |       |    12 |    52 |   120 |   144 ||   328
       Broad axe         |       |       |       |    59 |   853 ||   912
       Morningstar       |       |       |       |     9 |       ||     9
Throw: Throwing net      |     2 |     5 |       |     5 |       ||    12
       Stone             |     1 |     1 |    13 |       |       ||    15
       Dart              |       |    11 |    13 |    43 |    14 ||    81
       Boomerang         |       |     6 |     3 |       |       ||     9
       Javelin           |       |     1 |       |       |       ||     1
 Cast: Mephitic Cloud    |       |       |       |       |     2 ||     2
Invok: Slouch            |       |       |       |     2 |       ||     2
Evoke: Wand              |       |       |     4 |     6 |       ||    10
       Box of beasts     |       |       |       |       |     1 ||     1
       Condenser vane    |       |       |       |       |     1 ||     1
  Use: Potion            |       |     1 |     1 |    11 |     5 ||    18
       Scroll            |       |     1 |     6 |    28 |     3 ||    38
 Stab: Sleeping          |     1 |     3 |     1 |       |       ||     5
       Invisible         |       |       |       |     8 |       ||     8
       Held in net/web   |       |       |       |    10 |       ||    10
       Confused          |       |       |       |       |     1 ||     1
Armor: Leather armour    |    32 |    42 |    13 |       |       ||    87
       Plate armour      |       |       |   258 |   449 |   434 ||  1141
Dodge: Dodged            |    80 |    64 |   201 |   343 |   440 ||  1128
Block: Buckler           |       |       |       |       |   301 ||   301

Table legend: (Time is in decaauts)
 A = Elapsed time spent in this place.
 B = Non-inter-level travel time spent in this place.
 C = Inter-level travel time spent in this place.
 D = Time resting spent in this place.
 E = Time spent auto-exploring this place.
 F = Levels seen in this place.
 G = Mean time per level.
                   A        B        C        D        E       F      G
               +--------+--------+--------+--------+--------+-----+--------+
         Total |  32355 |  29167 |   3188 |   1426 |  18026 |  20 | 1617.8 |
       Dungeon |  17618 |  15363 |   2255 |    934 |  10122 |  11 | 1601.6 |
          Lair |   9805 |   8984 |    821 |    256 |   5908 |   5 | 1961.0 |
     Snake Pit |     24 |     24 |      0 |      0 |      0 |   1 |   24.0 |
  Orcish Mines |   3713 |   3603 |    110 |    236 |   1089 |   2 | 1856.5 |
         Sewer |   1193 |   1193 |      0 |      0 |    907 |   1 | 1193.0 |
               +--------+--------+--------+--------+--------+-----+--------+

Top non-repeatable levels by time:
  Lair:5: 3091 daAuts
   Orc:2: 2629 daAuts
     D:5: 2496 daAuts
    D:11: 2353 daAuts
     D:9: 1892 daAuts
  Lair:2: 1815 daAuts
  Lair:3: 1760 daAuts
    D:10: 1753 daAuts
     D:8: 1665 daAuts
  Lair:1: 1616 daAuts
  Lair:4: 1522 daAuts
     D:6: 1472 daAuts
     D:3: 1453 daAuts
     D:7: 1421 daAuts
     D:4: 1382 daAuts
